 Dungeon Crawl Stone Soup version 0.27-a0-1291-geefcff550b (webtiles) character file.

Game seed: 10273750749389673089

146 lunkers the Gusty (level 5, -1/28 HPs)
             Began as a Deep Elf Air Elementalist on June 15, 2021.
             Killed by their own static electricity (2 damage)
             ... on level 3 of the Dungeon.
             The game lasted 00:06:19 (3391 turns).

lunkers the Gusty (Deep Elf Air Elementalist)       Turns: 3391, Time: 00:06:20

Health: -1/28      AC:  3    Str:  5    XL:     5   Next: 7%
Magic:  2/13       EV: 12    Int: 21    God:
Gold:   57         SH:  0    Dex: 15    Spells: 6/12 levels left

rFire    . . .     SeeInvis .   i - +3 dagger (venom)
rCold    . . .     Faith    .   (no shield)
rNeg     . . .     Spirit   .   a - +0 robe
rPois    .         Reflect  .   h - +0 helmet
rElec    .         Harm     .   (no cloak)
rCorr    .         Rampage  .   (no gloves)
Will     .....                  (no boots)
Stlth    ++........             (no amulet)
HPRegen  0.09/turn              c - ring of wizardry
MPRegen  0.13/turn              (no ring)

@: no status effects
A: no striking features
a: no special abilities


You were on level 3 of the Dungeon.
You visited 1 branch of the dungeon, and saw 3 of its levels.

You collected 57 gold pieces.

Inventory:

Hand Weapons
 i - a +3 dagger of venom (weapon)
Armour
 a - a +0 robe (worn)
 h - a +0 helmet (worn)
Jewellery
 c - a ring of wizardry (left hand)
Scrolls
 b - a scroll of vulnerability {unknown}
 d - 2 scrolls of identify {unknown}
 f - 2 scrolls of amnesia {unknown}
 g - a scroll of teleportation {unknown}
 j - 2 scrolls of fear {unknown}
 l - a scroll of brand weapon {unknown}
Potions
 e - a potion of curing {unknown}
 k - 2 potions of mutation {unknown}


   Skills:
 - Level 2.4 Dodging
 - Level 2.4 Stealth
 + Level 4.1 Spellcasting
 * Level 3.5 Conjurations
 * Level 4.3 Air Magic


You had 6 spell levels left.
You knew the following spells:

 Your Spells              Type           Power      Damage    Failure   Level
a - Shock                 Conj/Air       80%        1d8       1%          1
b - Static Discharge      Conj/Air       20%        N/A       1%          2
c - Swiftness             Air            22%        N/A       2%          3

Your spell library contained the following spells:

 Spells                   Type           Power      Damage    Failure   Level
 Airstrike                Air            11%        N/A       9%          4
 Lightning Bolt           Conj/Air       10%        1d23      26%         5


Dungeon Overview and Level Annotations

Branches:
Dungeon (3/15)

Altars:


Message History

There is a stone staircase leading down here.
Casting: Shock (safe; 1% risk of failure)
Confirm with . or Enter, or press ? or * to list all spells.
The orc is struck by an arc of lightning!
You kill the orc!
You are struck by an arc of lightning.
You climb downwards.
The ice beast closely misses you.
There is a stone staircase leading up here.
Casting: Static Discharge (safe; 1% risk of failure)
Confirm with . or Enter, or press ? or * to list all spells.
The ice beast is struck by an arc of lightning.
The ice beast is moderately wounded.
You are struck by an arc of lightning.
The lightning grounds out.
The ice beast hits you.
* * * LOW HITPOINT WARNING * * *
The ice beast freezes you!
* * * LOW HITPOINT WARNING * * *
Casting: Static Discharge (safe; 1% risk of failure)
Confirm with . or Enter, or press ? or * to list all spells.
The ice beast is struck by an arc of lightning!
The ice beast is heavily wounded.
You are struck by an arc of lightning.
* * * LOW HITPOINT WARNING * * *
The lightning grounds out.
The ice beast barely misses you.
Unknown command.
Casting: Static Discharge (safe; 1% risk of failure)
Confirm with . or Enter, or press ? or * to list all spells.
The ice beast is struck by an arc of lightning!
The ice beast is severely wounded.
You are struck by an arc of lightning.
* * * LOW HITPOINT WARNING * * *
The lightning grounds out.
The ice beast hits you but does no damage.
Unknown command.
Casting: Static Discharge (safe; 1% risk of failure)
Confirm with . or Enter, or press ? or * to list all spells.
The ice beast is struck by an arc of lightning.
The ice beast is almost dead.
You are struck by an arc of lightning.
You die...

#.#.#...............#
#......>............# #
..#.#.##.)........#.#.#
......##...............
..........##...#....#.#
...#####..............#
.## #..#......#.#.
##..#........#
.........@.#.#
.......#.#Y##.#
...#.#.#.#.#
.......†.#.#
...#.#..##.# ........
... #.#.... #.# ....$..
#.. ##.....


You could see an ice beast.

Vanquished Creatures
  Robin (D:2)
  3 adders
  3 gnolls (D:2)
  A worm (D:2)
  2 dart slugs (D:2)
  An orc (D:2)
  3 ball pythons
  2 endoplasms
  3 giant cockroaches
  14 goblins
  7 hobgoblins
  8 jackals
  6 kobolds
  5 bats
  4 frilled lizards
  3 rats
66 creatures vanquished.

Notes
Turn   | Place    | Note
-------+----------+-------------------------------------------
     0 | D:1      | lunkers the Deep Elf Air Elementalist began the quest for
                  | the Orb.
     0 | D:1      | Reached XP level 1. HP: 10/10 MP: 6/6
   310 | D:1      | Found a faded altar of an unknown god.
   372 | D:1      | Reached XP level 2. HP: 15/15 MP: 2/8
   473 | D:1      | Learned a level 2 spell: Static Discharge
  1382 | D:2      | Reached XP level 3. HP: 19/19 MP: 5/10
  1761 | D:2      | Learned a level 3 spell: Swiftness
  1851 | D:2      | Reached XP level 4. HP: 13/24 MP: 1/11
  2432 | D:2      | Noticed Robin
  2462 | D:2      | Killed Robin
  3255 | D:3      | Reached XP level 5. HP: 17/28 MP: 3/13
  3369 | D:3      | Noticed an ice beast
  3390 | D:3      | HP: 1/28 [/static electricity (3)]
  3391 | D:3      | Killed from afar by themself

Illustrated notes

Levels and vault maps discovered:
D:1:      psy_arrival_spokes, layout_basic, shapermc_ecumenical_altar_flowoftime
D:2:      layout_loops_corners, minmay_tripent, uniq_robin
D:3:      layout_rooms, vehumet_altar_wand_db, serial_co_window_serial,
          co_window_of_opportunity_a, co_window_paths_b, co_window_paths_a,
          co_window_of_opportunity_a, co_window_paths_a, co_window_broadway_c,
          co_window_corner_b, co_window_broadway_a, co_window_sun,
          glass_columns_b, glass_columns_b, glass_columns_a, glass_columns_a,
          glass_columns_a, gammafunk_ghost_nasty_kobolds

Skill      XL: |  1  2  3  4 |
---------------+-------------+-----
Conjurations   | 2 3 |  3.5
Air Magic      | 4 |  4.3
Spellcasting   | 4 |  4.1
Dodging        | |  2.4
Stealth        | |  2.4

Action                   |  1- 3 |  4- 6 || total
-------------------------+-------+-------++-------
Melee: Unarmed           |     1 |     4 ||     5
       Dagger            |       |     1 ||     1
 Cast: Shock             |    46 |    22 ||    68
       Static Discharge  |    15 |    23 ||    38
Armor: Robe              |     2 |    15 ||    17
Dodge: Dodged            |     6 |    23 ||    29

Table legend: (Time is in decaauts)
 A = Elapsed time spent in this place.
 B = Non-inter-level travel time spent in this place.
 C = Inter-level travel time spent in this place.
 D = Time resting spent in this place.
 E = Time spent auto-exploring this place.
 F = Levels seen in this place.
 G = Mean time per level.
                   A        B        C        D        E       F      G
               +--------+--------+--------+--------+--------+-----+--------+
         Total |   3392 |   3270 |    122 |    480 |   2378 |   3 | 1130.7 |
       Dungeon |   3392 |   3270 |    122 |    480 |   2378 |   3 | 1130.7 |
               +--------+--------+--------+--------+--------+-----+--------+

Top non-repeatable levels by time:
     D:2: 1903 daAuts
     D:1: 1404 daAuts
     D:3: 84 daAuts
